 Dungeon Crawl Stone Soup version 0.30-a0-802-gb92711bcdf (webtiles) character file.

Game seed: 1042475756003692007

36 cheesebisquit the Chopper (level 3, 0/33 HPs)
             Began as a Hill Orc Monk on Feb 23, 2023.
             Slain by a gnoll
             ... wielding a +0 flail
              (6 damage)
             ... on level 2 of the Dungeon.
             The game lasted 00:03:45 (1425 turns).

cheesebisquit the Chopper (Hill Orc Monk)           Turns: 1425, Time: 00:03:45

Health: 0/33       AC:  4    Str: 15    XL:     3   Next: 37%
Magic:  3/3        EV: 12    Int: 10    God:
Gold:   112        SH:  0    Dex: 13    Spells: 2/2 levels left

rFire   . . .      SeeInvis .    a - +0 hand axe
rCold   . . .      Faith    .    (no shield)
rNeg    . . .      Spirit   .    b - +0 robe
rPois   .          Reflect  .    q - +0 helmet
rElec   .          Harm     .    (no cloak)
rCorr   .          Rampage  .    (no gloves)
Will    .....                    m - +0 pair of boots
Stlth   ++                       (no amulet)
HPRegen 0.25/turn                (no ring)
MPRegen 0.08/turn                (no ring)

@: mighty
A: no striking features
a: no special abilities


You were on level 2 of the Dungeon.
You visited 1 branch of the dungeon, and saw 3 of its levels.

You collected 112 gold pieces.

Inventory:

Hand Weapons
 a - a +0 hand axe (weapon)
Missiles
 h - 4 boomerangs (quivered)
 n - 2 poisoned darts
Armour
 b - a +0 robe (worn)
 m - a +0 pair of boots (worn)
 q - a +0 helmet (worn)
Scrolls
 e - a scroll of fog {unknown}
 f - 3 scrolls of identify {unknown}
 g - a scroll of magic mapping {unknown}
 i - a scroll of blinking {unknown}
 j - a scroll of noise {unknown}
 l - a scroll of teleportation {unknown}
Potions
 c - a potion of ambrosia
 d - 2 potions of curing
 o - a potion of magic {unknown}
 p - a potion of resistance {unknown}


   Skills:
 - Level 3.8 Fighting
 + Level 5.4 Axes
 - Level 2.5 Dodging
 - Level 1.7 Stealth


You had 2 spell levels left.
You didn't know any spells.
Your spell library contained the following spells:

 Spells                   Type           Power      Damage    Failure   Level
 Lesser Beckoning         Tloc           0%         N/A       50%         2
 Sublimation of Blood     Necr           0%         N/A       50%         2
 Gell's Gravitas          Tloc           0%         N/A       75%         3
 Teleport Other           Tloc           0%         N/A       75%         3
 Petrify                  Tmut/Erth      0%         N/A       98%         4
 Irradiate                Conj/Tmut      0%         3d11      100%        5


Dungeon Overview and Level Annotations

Branches:
Dungeon (3/15)

Altars:

Annotations:
D:2 1 exclusion, Sigmund


Message History

Found a trident.
Partly explored, can't reach some items and places.
There is a stone staircase leading down here.
You climb downwards.
There is a stone staircase leading up here.
The helpless gnoll fails to defend itself.
You hit the gnoll.
The gnoll is lightly wounded.
The gnoll shouts! x2
The gnoll misses you.
You closely miss the gnoll.
The gnoll is lightly wounded.
The gnoll shouts!
The endoplasm quivers.
The gnoll barely misses you. The gnoll closely misses you.
The gnoll hits you with a +0 spear!
You climb upwards.
Level annotation: 1 exclusion, Sigmund
There is a stone staircase leading down here.
You hit the gnoll.
The gnoll is moderately wounded.
You hit the gnoll but do no damage. The gnoll hits you with a +0 flail.
The gnoll barely misses you.
You closely miss the gnoll.
The gnoll is moderately wounded.
You hit the gnoll but do no damage. The gnoll hits you with a +0 flail!
The gnoll barely misses you.
You hit the gnoll.
The gnoll is moderately wounded.
You closely miss the gnoll. The gnoll hits you with a +0 flail.
* * * LOW HITPOINT WARNING * * *
The gnoll barely misses you.
It was a potion of curing.
You feel better. The gnoll hits you with a +0 flail!
* * * LOW HITPOINT WARNING * * *
The gnoll hits you with a +0 spear.
* * * LOW HITPOINT WARNING * * *
It was a potion of might.
You feel very mighty all of a sudden. The gnoll hits you with a +0 flail.
You die...

#.....# ..#####
.###### ############
.# ..... #.........>#
.# ..... #..........#
.##......#..........#
.........#..........#
.......<.$.....gg...#
###..@...#......@...#
......#..........#
#.## #..........# ..#
#..........# #.##
##..........# ##...#
#..########## ...#
#.## ####
##.########### #
#..##........#


You could see 2 gnolls.

Vanquished Creatures
  A worm (D:2)
  3 ball pythons (D:1)
  3 bats
  4 endoplasms
  2 giant cockroaches
  4 goblins (D:1)
  A hobgoblin (D:1)
  3 kobolds (D:1)
  A quokka (D:1)
  3 frilled lizards
  5 rats
30 creatures vanquished.

Notes
Turn   | Place    | Note
-------+----------+-------------------------------------------
     0 | D:1      | cheesebisquit the Hill Orc Monk began the quest for the
                  | Orb.
     0 | D:1      | Reached XP level 1. HP: 19/19 MP: 1/1
   133 | D:1      | Reached XP level 2. HP: 27/27 MP: 2/2
   493 | D:1      | Reached skill level 5 in Axes
   500 | D:1      | Reached XP level 3. HP: 32/33 MP: 3/3
   816 | D:2      | Noticed Sigmund
  1425 | D:2      | Slain by a gnoll

Illustrated notes

Levels and vault maps discovered:
D:1:      kennysheep_arrival_seaside, layout_loops_cross
D:2:      layout_rooms, uniq_sigmund
D:3:      layout_rooms, led_xom_imps,
          chequers_temple_overflow_statue_of_worship, minmay_misc_feat_rugged,
          grunt_decor_one_mirror, nrook_campfire

Skill      XL: |  1  2 |
---------------+-------+-----
Axes           | 5 |  5.4
Fighting       | |  3.8
Dodging        | |  2.5
Stealth        | |  1.7

Action                     || total
---------------------------++-------
  Melee: Hand axe          ||    72
  Throw: Boomerang         ||    26
    Use: Potion            ||     2
   Stab: Sleeping          ||     6
 Armour: Robe              ||    17
  Dodge: Dodged            ||    50

Table legend: (Time is in decaauts)
 A = Elapsed time spent in this place.
 B = Non-inter-level travel time spent in this place.
 C = Inter-level travel time spent in this place.
 D = Time resting spent in this place.
 E = Time spent auto-exploring this place.
 F = Levels seen in this place.
 G = Mean time per level.
                   A        B        C        D        E       F      G
               +--------+--------+--------+--------+--------+-----+--------+
         Total |   1438 |   1393 |     45 |      0 |   1133 |   3 |  479.3 |
       Dungeon |   1438 |   1393 |     45 |      0 |   1133 |   3 |  479.3 |
               +--------+--------+--------+--------+--------+-----+--------+

Top non-repeatable levels by time:
     D:1: 770 daAuts
     D:2: 664 daAuts
     D:3: 3 daAuts
